 Dungeon Crawl Stone Soup version 0.28.0-53-g5a82cb258f (webtiles) character file.

Game seed: 13155642025463025071

8988 Ashen the Frost Mage (level 11, -7/83 (86) HPs)
             Began as a Demonspawn Ice Elementalist on July 9, 2022.
             Was a Follower of Vehumet.
             Mangled by a manticore (19 damage)
             ... on level 11 of the Dungeon.
             The game lasted 00:26:26 (13164 turns).

Ashen the Frost Mage (Demonspawn Ice Elementalist) Turns: 13164, Time: 00:26:29

HP:   -7/83 (86)    AC:  8    Str:  9    XL:     11   Next: 17%
MP:   22/22         EV: 15    Int: 21    God:    Vehumet [*.....]
Gold: 323           SH: 10    Dex: 19    Spells: 13/24 levels left

rFire   . . .      SeeInvis +   n - +2 whip (elec)
rCold   . . .      Faith    .   (no shield)
rNeg    . . .      Spirit   .   L - +0 acid dragon scales
rPois   .          Reflect  .   (no helmet)
rElec   .          Harm     .   (no cloak)
rCorr   +          Rampage  .   g - +1 pair of gloves
Will    .....                   (no boots)
Stlth   ++++......              z - amulet of magic regeneration
HPRegen 0.23/turn               c - +6 ring of dexterity
MPRegen 0.58/turn               i - ring of see invisible

@: spiked, lightly drained
A: large bone plates 2, condensation shield, weakness stinger 2
a: Renounce Religion


You were on level 11 of the Dungeon.
You worshipped Vehumet.
Vehumet was aware of your devotion.
You visited 2 branches of the dungeon, and saw 12 of its levels.
You also visited: Sewer.

You collected 454 gold pieces.
You spent 131 gold pieces at shops.

Inventory:

Hand Weapons
 e - a +2 vampiric trident
 l - a +2 flail of venom
 n - a +2 whip of electrocution (weapon)
 v - a +1 flail of protection
 A - a +2 hand axe of venom
Armour
 a - a +0 robe
 g - a +1 pair of gloves (worn)
 L - +0 acid dragon scales (worn)
Jewellery
 c - a +6 ring of dexterity (left hand)
 i - a ring of see invisible (right hand)
 t - a ring of positive energy
 z - an amulet of magic regeneration (around neck)
 C - a ring of flight
 G - a ring of resist corrosion
 K - an amulet of guardian spirit
Wands
 q - a wand of charming (10)
 x - a wand of iceblast (4)
 E - a wand of flame (22)
 J - a wand of mindburst (12)
Scrolls
 b - 3 scrolls of teleportation
 d - 3 scrolls of enchant weapon
 j - 2 scrolls of enchant armour
 p - a scroll of noise {unknown}
 s - 2 scrolls of summoning {unknown}
 w - a scroll of torment {unknown}
 y - 3 scrolls of fog {unknown}
 B - a scroll of fear
 D - a scroll of identify
 H - a scroll of immolation
 I - a scroll of silence {unknown}
Potions
 f - 3 potions of might
 h - 2 potions of magic
 k - 3 potions of brilliance
 m - 3 potions of flight
 o - 3 potions of mutation
 F - a potion of heal wounds {unknown}


   Skills:
 + Level 7.8 Fighting
 + Level 7.4 Dodging
 + Level 8.1 Stealth
 + Level 7.4 Spellcasting
 + Level 8.1 Ice Magic


You had 13 spell levels left.
You knew the following spells:

 Your Spells              Type           Power      Damage    Failure   Level
a - Freeze                Ice            100%       1d11      1%          1
b - Frozen Ramparts       Ice            84%        1d10      1%          3
c - Ozocubu's Armour      Ice            42%        N/A       1%          3
d - Hailstorm             Conj/Ice       24%        3d7       26%         4

Your spell library contained the following spells:

 Spells                   Type           Power      Damage    Failure   Level
 Shock                    Conj/Air       28%        1d4       14%         1
 Foxfire                  Conj/Fire      28%        2x1d5     14%         1
 Magic Dart               Conj           28%        1d4       14%         1
 Pain                     Necr           28%        1d5       14%         1
 Searing Ray              Conj           14%        2d5       22%         2
 Confusing Touch          Hex            7%         N/A       38%         3
 Conjure Flame            Conj/Fire      7%         6-21      38%         3
 Inner Flame              Hex/Fire       7%         N/A       38%         3
 Flame Wave               Conj/Fire      7%         2d5       80%         4
 Fulminant Prism          Conj/Hex       3%         3d6       80%         4
 Agony                    Necr           7%         N/A       98%         5
 Alistair's Intoxication  Tmut/Pois      4%         N/A       98%         5
 Borgnjor's Vile Clutch   Necr/Erth      3%         N/A       98%         5
 Excruciating Wounds      Necr           3%         N/A       98%         5
 Yara's Violent Unravell  Hex/Tmut       3%         3d4       98%         5
 Eringya's Noxious Bog    Tmut/Pois      3%         N/A       100%        6
 Enfeeble                 Hex            3%         N/A       100%        7


Dungeon Overview and Level Annotations

Branches:
Dungeon (11/15)            Temple (1/1) D:7            Lair (0/6) D:9
  Sewer (visited)
    Orc: D:9-12

Altars:
Ashenzari
Cheibriados
Dithmenos
Elyvilon
Fedhas
Gozag
Hepliaklqana
Kikubaaqudgha
Makhleb
Nemelex Xobeh
Okawaru
Qazlal
Ru
Sif Muna
Trog
Uskayaw
Vehumet
Wu Jian
Xom
Yredelemnul
Zin
The Shining One

Shops:
D:3 !?:   D:7 [   D:8 ?

Portals:
Abyss: D:7

Annotations:
D:5 1 runed translucent door, erker's ghost, novice OpEE
D:6 Menkaure
D:7 2 transporters, 1 exclusion, Discosetron's ghost, novice OgBe
D:8 exclusions: death knight, 2 oklob saplings and skeletal warrior


Innate Abilities, Weirdness & Mutations

You are mostly covered in large bone plates. (SH +6)
A meltable shield of frost defends you. (SH +4)
You have a tail ending in a sharp stinger.


Message History

The manticore is moderately wounded.
The manticore bites you! The manticore claws you.
You block the manticore's attack.
You hit the manticore.
The manticore is moderately wounded.
The manticore closely misses you. x2; The manticore claws you!
* * * LOW HITPOINT WARNING * * *
Okay, then.
Your icy armour will break if you move.
Continue?
Your icy armour cracks and falls away as you move.
The manticore flicks its tail.
The volley of spikes hits you!
The barbed spikes become lodged in your body.
* * * LOW HITPOINT WARNING * * *
You are confused.
You feel invigorated.
The manticore flicks its tail.
The volley of spikes hits you.
The barbed spikes become lodged in your body.
* * * LOW HITPOINT WARNING * * *
The manticore flicks its tail.
The volley of spikes misses you.
The manticore flicks its tail.
The volley of spikes hits you but does no damage.
You feel less invigorated.
You feel less confused.
You feel better. The manticore bites you!!
* * * LOW HITPOINT WARNING * * *
You block the manticore's attack. The manticore misses you.
You feel better. The manticore bites you!
* * * LOW HITPOINT WARNING * * *
The manticore closely misses you. You block the manticore's attack.
You hit the manticore.
Lightning courses through the manticore!
The manticore is severely wounded.
The manticore bites you but does no damage.
You block the manticore's attack.
The manticore claws you but does no damage.
The manticore bites you!!
You die...

#..........
#..........
#..........
#.........
#.......#
#<......#
#.......#
#.......#
#...@...#
#....H..#
#.......#
+.......#
##+##...#
#...# #...#
#...# #..##


You could see a manticore.

Vanquished Creatures
  A two-headed ogre (D:9)
  Pikel (D:3)
  A kobold demonologist (D:8)
  A komodo dragon (D:9)
  A polar bear (D:9)
  A hornet (D:10)
  2 wraiths
  Sigmund (D:5)
  5 yaks (D:9)
  A shadow (D:10)
  4 hogs (D:10)
  A human (D:10)
  Edmund (D:6)
  2 acid dragons (D:10)
  2 water moccasins
  3 sky beasts
  An orc warrior (D:6)
  A black bear (D:4)
  4 centaurs
  3 necrophages (D:6)
  4 wolves (D:9)
  3 kobold brigands (D:9)
  3 bullfrogs
  A scorpion (D:6)
  A wyvern skeleton (D:7)
  23 killer bees
  3 wights (D:10)
  2 howler monkeys
  2 electric eels (D:9)
  A hound (D:8)
  A centaur skeleton (D:5)
  3 centaur zombies
  An orc priest (D:7)
  5 jellies
  A bullfrog skeleton (D:5)
  2 iguanas
  8 orc wizards
  A hound skeleton (D:5)
  2 howler monkey zombies
  4 gnolls (D:3)
  2 howler monkey skeletons
  11 adders
  2 white imps
  An ufetubus (D:6)
  2 worms
  26 orcs
  12 ball pythons
  3 bats
  18 endoplasms
  10 giant cockroaches
  4 goblins
  9 hobgoblins
  7 jackals
  8 kobolds
  3 quokkas
  5 frilled lizards
  9 rats
240 creatures vanquished.

Vanquished Creatures (others)
  37 plants
37 creatures vanquished.

Grand Total: 277 creatures vanquished

Notes
Turn   | Place    | Note
-------+----------+-------------------------------------------
     0 | D:1      | Ashen the Demonspawn Ice Elementalist began the quest for
                  | the Orb.
     0 | D:1      | Reached XP level 1. HP: 13/13 MP: 3/3
   368 | D:1      | Gained mutation: You are partially covered in large bone
                  | plates. (SH +4) [demonic ancestry]
   368 | D:1      | Reached XP level 2. HP: 20/20 MP: 1/5
   550 | D:1      | HP: 1/20 [constriction (1)]
   901 | D:1      | Found a faded altar of an unknown god.
   930 | D:1      | Reached skill level 1 in Fighting
  1252 | D:1      | Gained mutation: You have a small tail. [demonic ancestry]
  1252 | D:1      | Reached XP level 3. HP: 24/26 MP: 4/6
  2062 | D:3      | Learned a level 3 spell: Frozen Ramparts
  2142 | D:3      | Found a shadowy altar of Dithmenos.
  2142 | D:3      | Found a sacrificial altar of Ru.
  2142 | D:3      | Found an opulent altar of Gozag.
  2153 | D:3      | Reached XP level 4. HP: 33/33 MP: 0/7
  2249 | D:3      | Found a burning altar of Makhleb.
  2291 | D:3      | Learned a level 3 spell: Ozocubu's Armour
  2339 | D:3      | Found Wasum's Distillery.
  2375 | D:3      | Reached XP level 5. HP: 17/38 MP: 3/9
  2552 | D:3      | Bought a potion of degeneration for 10 gold pieces
  2552 | D:3      | Bought a potion of flight for 30 gold pieces
  2566 | D:3      | Found Ulabaw's Magic Scroll Boutique.
  2833 | D:3      | Found Wugid's Book Shop.
  3045 | D:4      | Noticed Pikel
  3045 | D:4      | Noticed a lemure
  3045 | D:4      | Noticed a lemure
  3057 | D:4      | Noticed a lemure
  3058 | D:4      | Noticed a lemure
  3121 | D:3      | Killed Pikel
  3122 | D:3      | Reached XP level 6. HP: 17/47 MP: 5/11
  3122 | D:3      | Gained mutation: A meltable shield of frost defends you.
                  | (SH +4) [demonic ancestry]
  3122 | D:3      | Reached XP level 7. HP: 19/52 MP: 5/12
  3738 | D:4      | Reached skill level 5 in Ice Magic
  4351 | D:5      | Entered Level 5 of the Dungeon
  4424 | D:5      | Found a runed translucent door.
  4692 | D:5      | Noticed erker's ghost (novice OpEE)
  4723 | D:5      | Noticed Sigmund
  5041 | D:5      | Found a glowing drain.
  5066 | Sewer    | Entered a sewer
  5293 | Sewer    | Found a viscous altar of Jiyva.
  5299 | Sewer    | Reached XP level 8. HP: 55/60 MP: 10/14
  5539 | D:5      | Killed Sigmund
  6018 | D:6      | Reached skill level 5 in Stealth
  6233 | D:6      | Reached skill level 5 in Fighting
  6233 | D:6      | Reached skill level 5 in Spellcasting
  6415 | D:6      | Reached skill level 5 in Dodging
  6450 | D:6      | Gained mutation: You have a tail ending in a sharp stinger.
                  | [demonic ancestry]
  6450 | D:6      | Reached XP level 9. HP: 68/68 MP: 6/16
  6622 | D:6      | Noticed Edmund
  6635 | D:6      | Killed Edmund
  7007 | D:6      | Learned a level 4 spell: Hailstorm
  7111 | D:6      | Noticed Menkaure
  7748 | D:7      | Found Buxunk's Armour Emporium.
  7937 | D:7      | You fall into a shaft and drop 1 floor!
  8279 | D:8      | Found Cojoumm's Magic Scroll Shop.
  8288 | D:8      | Bought a scroll of fear for 49 gold pieces
  8288 | D:8      | Bought a scroll of teleportation for 42 gold pieces
  8618 | D:7      | Noticed an orange demon
  8624 | D:7      | Found a transporter.
  8676 | D:7      | Found a transporter.
  8677 | D:7      | Noticed Discosetron's ghost (novice OgBe)
  8800 | D:7      | Found a one-way gate to the infinite horrors of the Abyss.
  9007 | D:7      | Found a staircase to the Ecumenical Temple.
  9147 | Temple   | Entered the Ecumenical Temple
  9353 | Temple   | Became a worshipper of Vehumet
  9492 | D:8      | Noticed a freezing wraith
  9681 | D:8      | Noticed a death knight
  9681 | D:8      | Noticed a skeletal warrior
  9887 | D:9      | Noticed a two-headed ogre
  9906 | D:9      | Killed a two-headed ogre
  9907 | D:9      | Reached XP level 10. HP: 48/77 MP: 19/19
 10519 | D:9      | Found a staircase to the Lair.
 11197 | D:9      | Noticed an orange demon
 11275 | D:9      | Noticed a smoke demon
 11989 | D:10     | Entered Level 10 of the Dungeon
 12136 | D:10     | Paralysed by a hornet for 3 turns
 12377 | D:10     | Reached * piety under Vehumet
 12377 | D:10     | Offered knowledge of Shock by Vehumet.
 12381 | D:10     | Gained mutation: You are mostly covered in large bone
                  | plates. (SH +6) [demonic ancestry]
 12381 | D:10     | Reached XP level 11. HP: 38/84 MP: 18/21
 13164 | D:11     | Mangled by a manticore

Illustrated notes

Levels and vault maps discovered:
D:1:      dpeg_arrival_orchard, layout_rooms, ebering_ecumenical_altar_rust,
          minmay_misc_feat_pillars
D:2:      layout_basic
D:3:      layout_rooms, grunt_temple_overflow_cloverleaf, serial_shops,
          nicolae_shop_hallway_plus, shop, nicolae_square_shop
D:4:      layout_layer_cave, lemuel_coloured_pillars_altar,
          mainiacjoe_overflow_catwalk, uniq_pikel
D:5:      layout_basic, portal_sewer_entry_f, hellmonk_ghost_happy_afterlife,
          uniq_sigmund
D:6:      layout_loops_ring, uniq_menkaure, uniq_edmund
D:7:      layout_rooms, minmay_temple_entry_poolview,
          gammafunk_ghost_abyssal_escape, serial_shops,
          nicolae_shop_advertising_works [nicolae_subvault_shop_adworks]
D:8:      layout_rooms, serial_shops, shop, kennysheep_decorative_pillar,
          introduction_to_nature_1
D:9:      layout_roguey, david_lair_shrubbed, serial_ice, serial_ice_n,
          serial_ice_k, serial_ice_g, serial_ice_a
D:10:     layout_rooms, grunt_livestock, chequers_avenue
D:11:     layout_irregular_city, orc_0_dummy, lightli_corner_chamber, uniq_erica
Temple:   eino_temple_rhombus

Skill      XL: |  1  2  3  4  5  6  7  8  9 10 11 |
---------------+----------------------------------+-----
Stealth        | 2 3 4 5 6 7 8 |  8.1
Dodging        | 2 3 4 5 6 7 |  7.4
Fighting       | 1 3 5 6 7 |  7.8
Ice Magic      | 4 5 6 7 8 |  8.1
Spellcasting   | 3 4 5 6 7 |  7.4

Action                   |  1- 3 |  4- 6 |  7- 9 | 10-12 || total
-------------------------+-------+-------+-------+-------++-------
Melee: Unarmed           |    42 |       |       |       ||    42
       Whip              |    18 |     8 |    11 |    66 ||   103
       Tailslap          |     3 |     3 |    47 |    33 ||    86
       Flail             |       |    19 |   290 |       ||   309
       Punch             |       |       |     6 |     5 ||    11
       Hand axe          |       |       |    11 |    97 ||   108
 Cast: Freeze            |    64 |     9 |    16 |       ||    89
       Frozen Ramparts   |       |     2 |    26 |    17 ||    45
       Ozocubu's Armour  |       |     2 |    18 |    22 ||    42
Evoke: Wand              |       |       |       |    16 ||    16
  Use: Scroll            |       |       |    10 |       ||    10
       Potion            |       |       |     1 |     3 ||     4
 Stab: Sleeping          |     5 |     4 |    12 |     4 ||    25
       Distracted        |       |       |     1 |     1 ||     2
Armor: Robe              |    17 |     5 |    68 |    49 ||   139
       Acid dragon scale |       |       |       |     9 ||     9
Dodge: Dodged            |    63 |    26 |   220 |   144 ||   453
Block: Other             |    13 |     7 |   127 |    93 ||   240
